 Dungeon Crawl Stone Soup version 0.30-a0-373-gd37427bb62 (webtiles) character file.

Game seed: 7401093521865589515

68 qeuew the Trooper (level 4, -1/35 HPs)
             Began as a Demonspawn Monk on Nov 24, 2022.
             Slain by an orc
             ... wielding a +0 trident
              (5 damage)
             ... on level 3 of the Dungeon.
             The game lasted 00:02:57 (1869 turns).

qeuew the Trooper (Demonspawn Monk)                 Turns: 1869, Time: 00:02:57

Health: -1/35      AC:  2    Str: 13    XL:     4   Next: 1%
Magic:  4/4        EV: 13    Int: 11    God:
Gold:   136        SH:  0    Dex: 16    Spells: 3/3 levels left

rFire   . . .      SeeInvis .    a - +0 hand axe
rCold   . . .      Faith    .    (no shield)
rNeg    . . .      Spirit   .    b - +0 robe
rPois   +          Reflect  .    (helmet restricted)
rElec   .          Harm     .    (no cloak)
rCorr   .          Rampage  .    (no gloves)
Will    .....                    (no boots)
Stlth   ++........               (no amulet)
HPRegen 0.25/turn                f - ring of poison resistance
MPRegen 0.09/turn                (no ring)

@: invisible
A: horns 1, demonic magic 1
a: no special abilities


You were on level 3 of the Dungeon.
You visited 1 branch of the dungeon, and saw 3 of its levels.

You collected 136 gold pieces.

Inventory:

Hand Weapons
 a - a +0 hand axe (weapon)
Armour
 b - a +0 robe (worn)
Jewellery
 f - a ring of poison resistance (left hand)
 m - a ring of wizardry
Scrolls
 h - a scroll of fear
Potions
 j - a potion of invisibility


   Skills:
 + Level 3.5 Fighting
 + Level 3.1 Axes
 + Level 1.4 Armour
 + Level 3.2 Dodging
 - Level 1.7 Stealth


You had 3 spell levels left.
You didn't know any spells.
Your spell library contained the following spells:

 Spells                   Type           Power      Damage    Failure   Level
 Apportation              Tloc           0%         N/A       34%         1
 Alistair's Intoxication  Tmut/Pois      0%         N/A       100%        5


Dungeon Overview and Level Annotations

Branches:
Dungeon (3/15)

Altars:


Innate Abilities, Weirdness & Mutations

You have a pair of small horns on your head.
Spells you cast may paralyse adjacent enemies.


Message History

The dart slug launches a dart at you. The slug dart hits you.
* * * LOW HITPOINT WARNING * * *
You hit the orc but do no damage.
The orc is heavily wounded.
You hit the orc. You hit the dart slug. The orc barely misses you.
The orc closely misses you. The dart slug launches a dart at you.
The slug dart misses you.
Unknown command.
You hit the orc.
The orc is heavily wounded.
You hit the dart slug. You closely miss the orc. The orc barely misses you.
The orc hits you with a +0 hand axe.
* * * LOW HITPOINT WARNING * * *
Unknown command.
You hit the orc.
The orc is severely wounded.
You hit the orc but do no damage. You hit the dart slug.
You kill the dart slug!
You feel your willpower return. The orc closely misses you. The orc misses you.
The orc barely misses you. The orc hits you with a +0 hand axe.
* * * LOW HITPOINT WARNING * * *
You feel better. The orc hits you with a +0 trident.
* * * LOW HITPOINT WARNING * * *
The orc hits you with a +0 hand axe.
* * * LOW HITPOINT WARNING * * *
You fade into invisibility!
The orc barely misses you. x2
You catch the helpless orc completely off-guard!
You hit the orc.
You kill the orc!
You completely miss the orc.
You have reached level 4!
You feel agile.
Your demonic ancestry asserts itself...
A pair of horns grows on your head!
The orc shouts!
The orc hits you with a +0 trident.
You die...

#. #.#
#####.########
.............
#.>....$....
#.........#
#...o.....#
#..†@.....#
#.†)......#
#...).....#
####.........#
........<.....#
#.#.###.#######
... #.# ### #.#
#.#


You could see an orc (unable to see you).

Vanquished Creatures
  An adder (D:2)
  A worm (D:2)
  3 dart slugs
  3 orcs (D:3)
  An endoplasm (D:2)
  5 giant cockroaches
  2 goblins (D:1)
  8 hobgoblins
  2 jackals (D:2)
  2 quokkas
  A ball python (D:2)
  3 bats
  4 frilled lizards
  4 kobolds
  6 rats
46 creatures vanquished.

Vanquished Creatures (others)
  3 plants (D:3)
3 creatures vanquished.

Grand Total: 49 creatures vanquished

Notes
Turn   | Place    | Note
-------+----------+-------------------------------------------
     0 | D:1      | qeuew the Demonspawn Monk began the quest for the Orb.
     0 | D:1      | Reached XP level 1. HP: 18/18 MP: 1/1
   235 | D:1      | Gained mutation: Spells you cast may paralyse adjacent
                  | enemies. [demonic ancestry]
   235 | D:1      | Reached XP level 2. HP: 24/24 MP: 2/2
   801 | D:2      | Reached skill level 1 in Armour
   925 | D:2      | Reached XP level 3. HP: 14/29 MP: 3/3
  1869 | D:3      | Gained mutation: You have a pair of small horns on your
                  | head. [demonic ancestry]
  1869 | D:3      | Reached XP level 4. HP: 3/35 MP: 4/4
  1869 | D:3      | Slain by an orc

Illustrated notes

Levels and vault maps discovered:
D:1:      minmay_arrival_four_houses, layout_basic, minivault_27,
          feat_on_display
D:2:      layout_rooms, serial_rivers, chequers_serial_rivers_large_a,
          chequers_serial_rivers_micro_d, chequers_serial_rivers_small_3,
          chequers_serial_rivers_micro_d, chequers_serial_rivers_small_b,
          chequers_serial_rivers_room_b
D:3:      wad_woods_tower, layout_loops_ring, grunt_ministairs_1,
          nicolae_figureground_sparkle

Skill      XL: |  1  2 |
---------------+-------+-----
Dodging        | 3 |  3.2
Axes           | 3 |  3.1
Armour         | 1 |  1.4
Fighting       | |  3.5
Stealth        | |  1.7

Action                   |  1- 3 |  4- 6 || total
-------------------------+-------+-------++-------
Melee: Hand axe          |   176 |       ||   176
       Punch             |     2 |       ||     2
  Use: Scroll            |    12 |       ||    12
       Potion            |     3 |       ||     3
 Stab: Sleeping          |     2 |       ||     2
       Invisible         |     1 |       ||     1
Armor: Robe              |    34 |       ||    34
Dodge: Dodged            |   139 |       ||   139

Table legend: (Time is in decaauts)
 A = Elapsed time spent in this place.
 B = Non-inter-level travel time spent in this place.
 C = Inter-level travel time spent in this place.
 D = Time resting spent in this place.
 E = Time spent auto-exploring this place.
 F = Levels seen in this place.
 G = Mean time per level.
                   A        B        C        D        E       F      G
               +--------+--------+--------+--------+--------+-----+--------+
         Total |   1916 |   1872 |     44 |      0 |   1481 |   3 |  638.7 |
       Dungeon |   1916 |   1872 |     44 |      0 |   1481 |   3 |  638.7 |
               +--------+--------+--------+--------+--------+-----+--------+

Top non-repeatable levels by time:
     D:2: 1082 daAuts
     D:1: 806 daAuts
     D:3: 27 daAuts
